 Dungeon Crawl Stone Soup version 0.18.1-5-g4a78601 (webtiles) character file.

51 LORDOFBUTT the Skirmisher (level 3, -1/43 HPs)
             Began as a Demonspawn Berserker on May 10, 2016.
             Was a Believer of Trog.
             Slain by an adder (4 damage)
             ... on level 2 of the Dungeon.
             The game lasted 00:01:10 (1394 turns).

LORDOFBUTT the Skirmisher (Demonspawn Berserker)    Turns: 1394, Time: 00:01:11

Health: -1/43      AC:  2    Str: 22    XL:     3   Next: 57%
Magic:  0/3        EV: 12    Int:  8    God:    Trog [**....]
Gold:   27         SH:  0    Dex: 13    Spells: 0 memorised, 2 levels left

rFire  . . .     SeeInvis +       - Unarmed
rCold  . . .     Gourm    .     a - +0 animal skin
rNeg   . . .     Faith    .     (no shield)
rPois  .         Spirit   +     (no helmet)
rElec  .         Dismiss  .     (no cloak)
rCorr  .         Reflect  .     (no gloves)
SustAt .         Harm     .     (no boots)
MR     .....                    (no amulet)
Stlth  ..........               (no ring)
                                c - ring of see invisible

@: berserking, lethally poisoned (-1 -> -3), very quick, not resistant to
hostile enchantments, extremely unstealthy
A: magic shield
a: Berserk, Trog's Hand, Burn Spellbooks, Renounce Religion


You were on level 2 of the Dungeon.
You worshipped Trog.
Trog was pleased with you.
You were not hungry.

You visited 1 branch of the dungeon, and saw 2 of its levels.

You collected 27 gold pieces.

Inventory:

Armour
 a - a +0 animal skin (worn)
Jewellery
 c - a ring of see invisible (left hand)
 e - an uncursed amulet of magic regeneration {unknown}
Scrolls
 d - a scroll of fog {unknown}
 f - a scroll of teleportation {unknown}
Potions
 g - a potion of resistance {unknown}
 h - a potion of invisibility {unknown}
 i - a potion of agility {unknown}
 j - a potion of berserk rage {unknown}
Comestibles
 b - 2 bread rations
 k - 2 chunks of flesh


   Skills:
 + Level 3.4 Fighting
 + Level 2.1 Armour
 + Level 2.4 Dodging
 + Level 0.4 Stealth
 + Level 3.1 Unarmed Combat


You had 2 spell levels left.
You didn't know any spells.

Dungeon Overview and Level Annotations

Branches:
Dungeon (2/15)

Altars:
Elyvilon


Innate Abilities, Weirdness & Mutations

When hurt, damage is shared between your health and your magic reserves.


Message History

Ijyb is severely wounded.
The adder bites you.
* * * LOW HITPOINT WARNING * * *
Ijyb hits you with an antimagic dagger.
* * * LOW HITPOINT WARNING * * *
You punch Ijyb!
Ijyb is almost dead.
The adder misses you. Ijyb hits you but does no damage.
You hit Ijyb.
You kill Ijyb!
Trog accepts your kill.
You have reached level 3!
Your experience leads to an increase in your attributes!
Your base attributes are Str 17, Int 8, Dex 12.
Increase (S)trength, (I)ntelligence, or (D)exterity?
You feel agile.
* * * LOW HITPOINT WARNING * * *
You feel sick. The adder closely misses you.
You barely miss the adder. The adder bites you.
You die...

.# ## #.# .. ...
#. ###.# #. #...
#.##.# #.##.#S.#
#....@..###+#
#..#
####)#....+_+
...# #.#..#####
#..# #.##.# ##
#).. # #.
#.#######..# ###
#. #..........#
#.#
#.#####.#####.#
#.#
##.#####.#####.#
#.#
#..............#


You could see an adder.

Vanquished Creatures
  Ijyb (D:2)
  A giant gecko (D:1)
  3 bats (D:1)
  A giant cockroach (D:1)
  3 goblins
  3 hobgoblins
  3 giant newts
  6 kobolds (D:1)
  5 rats (D:1)
26 creatures vanquished.

Notes
Turn   | Place    | Note
--------------------------------------------------------------
     0 | D:1      | LORDOFBUTT the Demonspawn Berserker began the quest for the Orb.
     0 | D:1      | Reached XP level 1. HP: 18/18 MP: 1/1
   402 | D:1      | Gained mutation: When hurt, damage is shared between your health and your magic reserves. [demonic ancestry]
   402 | D:1      | Reached XP level 2. HP: 15/24 MP: 2/2
  1085 | D:1      | Reached ** piety under Trog
  1370 | D:2      | Found a white marble altar of Elyvilon.
  1384 | D:2      | Noticed Ijyb
  1393 | D:2      | Killed Ijyb
  1393 | D:2      | Reached XP level 3. HP: 4/29 MP: 0/3
  1394 | D:2      | Slain by an adder

Skill      XL: |  1  2 |
---------------+-------+-----
Armour         | 2 |  2.1
Dodging        | 2 |  2.4
Unarmed Combat | 3 |  3.1
Fighting       | |  3.4
Stealth        | |  0.4

Action                   || total
-------------------------++-------
Melee: Unarmed           ||   122
       Punch             ||     1
Invok: Berserk           ||     1
  Eat: Chunk             ||     2
Armor: Animal skin       ||    21
Dodge: Dodged            ||    83
